 Dungeon Crawl Stone Soup version 0.31.0-32-g396128a36d (webtiles) character file.

Game seed: 99807762805026801

35 601d51SH the Trooper (level 3, -1/33 HPs)
             Began as a Hill Orc Fighter on Apr 3, 2024.
             Slain by an orc wizard
             ... wielding a +0 dagger
              (3 damage)
             ... on level 3 of the Dungeon.
             The game lasted 00:02:30 (1615 turns).

601d51SH the Trooper (Hill Orc Fighter)             Turns: 1615, Time: 00:02:30

Health: -1/33      AC:  6    Str: 20    XL:     3   Next: 33%
Magic:  3/3        EV:  9    Int:  8    God:
Gold:   86         SH:  4    Dex: 10    Spells: 2/2 levels left

rFire   . . .        a - +0 war axe
rCold   . . .        c - +0 buckler
rNeg    . . .        b - +0 scale mail
rPois   .            (no helmet)
rElec   .            (no cloak)
rCorr   .            (no gloves)
SInv    .            (no boots)
Will    .....        (no amulet) Stlth
                     (no ring)
HPRegen 0.25/turn    (no ring)
MPRegen 0.08/turn

%: no passive effects
@: no status effects
A: no striking features
a: no special abilities


You were on level 3 of the Dungeon.
You visited 1 branch of the dungeon, and saw 3 of its levels.

You collected 86 gold pieces.

Inventory:

Hand Weapons
 a - a +0 war axe (weapon)
Armour
 b - a +0 scale mail (worn)
 c - a +0 buckler (worn)
Scrolls
 f - 2 scrolls of identify {unknown}
 g - a scroll of acquirement {unknown}
 j - a scroll of fog {unknown}
 k - a scroll of poison {unknown}
 l - 2 scrolls of vulnerability {unknown}
Potions
 d - 2 potions of might
 e - a potion of mutation {unknown}
 h - a potion of invisibility {unknown}
 i - 2 potions of ambrosia {unknown}


   Skills:
 + Level 4.0 Fighting
 + Level 3.3 Axes
 + Level 3.6 Armour
 + Level 0.4 Dodging
 + Level 3.6 Shields


You had 2 spell levels left.
You didn't know any spells.
Your spell library contained the following spells:

 Spells                   Type           Power      Damage    Failure   Level
 Hailstorm                Conj/Ice       0%         3d5       99%         3
 Summon Ice Beast         Ice/Summ       0%         N/A       99%         3
 Sculpt Simulacrum        Ice/Alch       0%         N/A       100%        6


Dungeon Overview and Level Annotations

Branches:
Dungeon (3/15)

Altars:
Uskayaw


Message History

The puff of flame hits you!
An orc comes into view. It is wielding a +0 trident.
There are monsters nearby! 2 orcs come into view.
An orc is wielding a +2 hand axe of electrocution.
The orc shouts! x3
The orc wizard casts a spell at you. The puff of flame hits you!
You block the orc's attack.
You are too injured to fight recklessly!
You are too injured to fight recklessly!
You are too injured to fight recklessly!
You are too injured to fight recklessly!
You are too injured to fight recklessly!
You hit the orc wizard.
The orc wizard is moderately wounded.
A bat comes into view.
The orc wizard hits you but does no damage.
The orc hits you from afar with a +0 trident.
The orc closely misses you.
The orc wizard gestures wildly while chanting.
The orc wizard flickers and vanishes!
Deactivating autopickup; reactivate with Ctrl-A.
You closely miss something. Something hits you but does no damage.
The orc barely misses you.
You miss something. Something hits you but does no damage.
The orc closely misses you.
You hit something but do no damage. Something hits you but does no damage.
The orc barely misses you. Something hits you but does no damage.
The orc barely misses you.
You barely miss something. Something hits you but does no damage.
The orc closely misses you.
You barely miss something.
You hear some strange, mumbled words.
A magic dart appears from out of thin air!
The magic dart hits you.
* * * LOW HITPOINT WARNING * * *
The orc hits you from afar with a +0 trident.
* * * LOW HITPOINT WARNING * * *
You slash something! Something hits you.
You die...

#######
.....#######
#######............
.....o#............
....bo{............
#@...........
+............
#...)........
#............
#....<.......
#............
#########.... ...
..


You could see 2 orcs and a bat.

Vanquished Creatures
  A ribbon worm (D:2)
  3 ball pythons
  5 endoplasms (D:1)
  2 giant cockroaches (D:1)
  3 goblins
  3 hobgoblins (D:2)
  2 kobolds
  A quokka (D:2)
  5 bats
  2 frilled lizards (D:2)
  4 rats
31 creatures vanquished.

Notes
Turn   | Place    | Note
-------+----------+-------------------------------------------
     0 | D:1      | 601d51SH the Hill Orc Fighter began the quest for the Orb.
     0 | D:1      | Reached XP level 1. HP: 19/19 MP: 1/1
   239 | D:1      | You fall into a shaft and drop 1 floor!
   297 | D:2      | Reached XP level 2. HP: 27/27 MP: 2/2
   447 | D:2      | Found a hide-covered altar of Uskayaw.
   923 | D:1      | Reached skill level 4 in Fighting
   923 | D:1      | Reached XP level 3. HP: 33/33 MP: 3/3
  1614 | D:3      | HP: 1/33 [orc/+0 trident (5)]
  1615 | D:3      | Slain by an orc wizard

Illustrated notes

Levels and vault maps discovered:
D:1:      amcnicky_arrival_blooded_trapdoor, layout_basic
D:2:      layout_loops_ring, basic_altar
D:3:      layout_basic, led_sif_book, shapermc_ecumenical_altar_mp_vishouse,
          kennysheep_jessica_study

Skill      XL: |  1  2 |
---------------+-------+-----
Axes           | 3 |  3.3
Fighting       | 4 |  4.0
Armour         | |  3.6
Dodging        | |  0.4
Shields        | |  3.6

Action                     || total
---------------------------++-------
  Melee: War axe           ||    81
 Armour: Scale mail        ||    53
  Dodge: Dodged            ||    45
  Block: Buckler           ||    19
